 Dungeon Crawl Stone Soup version 0.26-a0-1191-ge2a0e31ab3 (webtiles) character file.

Game seed: 8742222917075626439

52359 sanka the Cleaver (level 14, -3/126 HPs)
             Began as a Ghoul Monk on Dec 28, 2020.
             Was the Champion of Makhleb.
             Slain by a boulder beetle (10 damage)
             ... on level 6 of the Lair of Beasts.
             The game lasted 00:46:27 (27031 turns).

sanka the Cleaver (Ghoul Monk)                     Turns: 27031, Time: 00:46:28

Health: -3/126     AC: 22    Str: 20    XL:     14   Next: 63%
Magic:  20/20      EV:  8    Int:  5    God:    Makhleb [******]
Gold:   1447       SH:  0    Dex: 11    Spells: 13/13 levels left

rFire    + . .     SeeInvis +   a - +2 battleaxe (vorpal)
rCold    + + .     Faith    +   (shield currently unavailable)
rNeg     + + +     Spirit   .   x - +4 plate armour of Xafan {rF- rN+ SInv}
rPois    ∞         Reflect  .   (no helmet)
rElec    .         Harm     .   z - scarf {rC+ rF+}
rCorr    .         Rampage  .   E - +0 pair of gloves
Will     +....                  H - +0 pair of boots
Stlth    ..........             v - amulet of faith
HPRegen  0.00/turn              B - ring of protection from fire
MPRegen  0.17/turn              (no ring)

@: no status effects
A: claws 1, cold resistance 1, negative energy resistance 3, inhibited
regeneration, torment resistance, unbreathing
a: Renounce Religion, Minor Destruction, Lesser Servant of Makhleb, Major
Destruction, Greater Servant of Makhleb


You were on level 6 of the Lair of Beasts.
You worshipped Makhleb.
Makhleb was exalted by your worship.
You visited 3 branches of the dungeon, and saw 18 of its levels.
You also visited: Ice Cave.

You collected 1684 gold pieces.
You spent 237 gold pieces at shops.


Innate Abilities, Weirdness & Mutations

You thrive by killing the living.
You are immune to poison.
You have sharp fingernails.
Your flesh is cold resistant. (rC+)
You are immune to negative energy. (rN+++)
You do not regenerate when monsters are visible.
You are immune to unholy pain and torment.
You can survive without breathing.


   Skills:
 - Level 12.0 Fighting
 + Level 14.9 Axes
 + Level 11.9 Armour
 - Level 3.0 Dodging
 - Level 2.1 Stealth
 - Level 10.0 Invocations


You had 13 spell levels left.
You didn't know any spells.
Your spell library contained the following spells:

 Spells                   Type           Power        Failure   Level
 Animate Skeleton         Necr           0%           100%        1
 Corona                   Hex            0%           100%        1
 Pain                     Necr           0%           100%        1
 Sandblast                Erth           0%           100%        1
 Ensorcelled Hibernation  Hex/Ice        0%           100%        2
 Passwall                 Tmut/Erth      0%           100%        2
 Confusing Touch          Hex            0%           100%        3
 Dazzling Flash           Conj/Hex       0%           100%        3
 Stone Arrow              Conj/Erth      0%           100%        3
 Tukima's Dance           Hex            0%           100%        3
 Vampiric Draining        Necr           0%           100%        3
 Animate Dead             Necr           0%           100%        4
 Petrify                  Tmut/Erth      0%           100%        4
 Agony                    Necr           0%           100%        5
 Lee's Rapid Deconstruct  Erth           0%           100%        5
 Malign Gateway           Summ/Tloc      0%           100%        7
 Monstrous Menagerie      Summ           0%           100%        7
 Summon Greater Demon     Summ           0%           100%        7
 Summon Horrible Things   Summ           0%           100%        8

Inventory:

Hand Weapons
 a - a +2 vorpal battleaxe (weapon)
 b - the +3 hand axe of the Smoking Pill Bug {flame, rPois}

   It has been specially enchanted to burn those struck by it, causing extra
   injury to most foes and up to half again as much damage against particularly
   susceptible opponents.
   Big, fiery blades are also staple armaments of hydra-hunters.
   It protects you from poison.
 f - a +2 battleaxe of freezing
 q - a +0 demon whip of electrocution
Missiles
 i - 3 throwing nets {=f}
 O - 3 curare-tipped darts {=f}
Armour
 x - the +4 plate armour of Xafan (worn) {rF- rN+ SInv}

   It makes you vulnerable to fire.
   It protects you from negative energy.
   It lets you see invisible.
 z - a scarf of resistance (worn)
 E - a +0 pair of gloves (worn)
 H - a +0 pair of boots (worn)
Jewellery
 v - an amulet of faith (around neck)
 B - a ring of protection from fire (left hand)
 D - an uncursed ring of protection from cold
Wands
 d - a wand of random effects (25)
 s - a wand of disintegration (32)
 I - a wand of digging (9)
Scrolls
 e - 6 scrolls of teleportation {@r4}
 h - 5 scrolls of fear
 j - a scroll of silence {!r}
 l - a scroll of magic mapping
 m - 6 scrolls of enchant armour
 u - a scroll of summoning
 y - 3 scrolls of fog
 A - 8 scrolls of immolation {!r}
 J - 2 scrolls of enchant weapon {unknown}
 K - a scroll of torment
 L - a scroll of holy word {!r}
 N - a scroll of acquirement {unknown}
Potions
 c - a potion of magic {unknown}
 g - 3 potions of cancellation {unknown}
 k - 9 potions of curing {@q1}
 n - a potion of mutation {unknown}
 o - a potion of brilliance
 p - 3 potions of heal wounds {@q2}
 r - a potion of resistance
 t - a potion of haste {unknown}
 C - 2 potions of flight
 F - a potion of lignification {unknown}
 G - 2 potions of ambrosia
 P - a potion of might

Dungeon Overview and Level Annotations

Branches:
Dungeon (11/15)            Temple (1/1) D:5            Lair (6/6) D:9
 Shoals (0/4) Lair:3       Spider (0/4) Lair:2          Orc (0/2) D:10
  IceCv (visited)
  Slime: Lair:5-6

Altars:
Ashenzari
Cheibriados
Dithmenos
Elyvilon
Fedhas
Gozag
Hepliaklqana
Kikubaaqudgha
Makhleb
Nemelex Xobeh
Okawaru
Qazlal
Ru
Sif Muna
Trog
Uskayaw
Vehumet
Wu Jian
Xom
Yredelemnul
Zin
The Shining One
Beogh

Shops:
D:6 (   D:7 (   D:10 }

Annotations:
D:11 2 transporters
Lair:2 exclusion: 3 oklob plants

.....▒▒▒▒▒..............
..▒.....▒▒..............
...▒....▒▒▒...▒...P..f▒▒
..........▒..▒▒▒▒....P▒(
..Pf....F▒..▒▒▒.....PP.
▒..........▒f.....P^.
▒▒..#.▒.....+........
▒.4BF........▒.....(
▒.▒n▒....P.▒.▒▒.▒...
▒.†▒▒▒......▒..▒▒... ▒.▒
............... ...
............... ...
............... .....
................ ....
.▒............ ..▒▒
▒▒▒ff▒.▒▒. ▒.f..▒..


You could see a boulder beetle (extremely poisoned), 2 blink frogs and a
friendly orange demon (summoned).


Message History

You slice the boulder beetle!!
The boulder beetle is moderately wounded.
The boulder beetle bites you.
* * * LOW HITPOINT WARNING * * *
The blink frog blinks!
Your plate armour of Xafan prevents you from hitting the boulder beetle.
The boulder beetle is moderately wounded.
The boulder beetle waves its antennae.
The boulder beetle bites you!!
* * * LOW HITPOINT WARNING * * *
Your orange demon stings the boulder beetle from afar.
The boulder beetle looks as sick as possible!
Your orange demon poisons the boulder beetle!
You hit the boulder beetle but do no damage.
The boulder beetle is moderately wounded.
The boulder beetle bites you.
* * * LOW HITPOINT WARNING * * *
The blink frog blinks!
Unknown command.
You completely miss the boulder beetle.
The boulder beetle is heavily wounded.
Your orange demon stings the boulder beetle but does no damage.
Unknown command.
You slash the boulder beetle!
The boulder beetle is severely wounded.
Your orange demon stings the boulder beetle but does no damage.
Your orange demon hits the boulder beetle but does no damage.
The blink frog blinks!
The boulder beetle bites you!
You die...

Action                   |  1- 3 |  4- 6 |  7- 9 | 10-12 | 13-15 || total
-------------------------+-------+-------+-------+-------+-------++-------
Melee: Hand axe          |    60 |   208 |    43 |    17 |    34 ||   362
       War axe           |       |    26 |   417 |       |       ||   443
       Battleaxe         |       |       |    41 |   738 |   403 ||  1182
       Lajatang          |       |       |       |       |   367 ||   367
Invok: Minor Destruction |       |       |    10 |     8 |     8 ||    26
       Lesser Servant of |       |       |       |     3 |    12 ||    15
       Major Destruction |       |       |       |       |     3 ||     3
Evoke: Wand              |       |       |       |     4 |     3 ||     7
  Use: Potion            |     3 |       |     1 |       |     3 ||     7
       Scroll            |       |       |    10 |     6 |     5 ||    21
 Stab: Sleeping          |     1 |       |       |       |       ||     1
       Paralysed         |     1 |       |       |       |       ||     1
       Distracted        |       |       |       |       |     1 ||     1
       Petrified         |       |       |       |       |     7 ||     7
Armor: Robe              |    24 |     6 |       |       |       ||    30
       Scale mail        |       |    44 |       |       |       ||    44
       Chain mail        |       |    65 |   220 |       |       ||   285
       Plate armour      |       |       |    80 |   576 |   699 ||  1355
Dodge: Dodged            |    64 |   139 |   180 |   227 |   409 ||  1019

Levels and vault maps discovered:
D:1:      psy_arrival_wood_between_worlds, layout_basic, minmay_curled_crystal
D:2:      layout_basic, nicolae_ru_great_annihilating_truth, uniq_terence
D:3:      layout_basic, chequers_ecumenical_altar_simple_redux,
          chequers_serial_rivers_large_a
D:4:      minmay_goblin_kobold_castle, layout_loops_corners, uniq_eustachio,
          uniq_pikel
D:5:      lemuel_upstairs_altar, layout_rooms, minmay_temple_entry_waves,
          chequers_serial_rivers_micro_b, fedhas_bush_and_centaur_altar
D:6:      layout_gridville, serial_shops, nicolae_shop_trees
D:7:      nzn_winding_woodlands_three_and_one [nzn_winding_woodlands_5x15_twine,
          nzn_winding_woodlands_5x15_pockets,
          nzn_winding_woodlands_5x15_concentric,
          nzn_winding_woodlands_center_diamonds], layout_basic, serial_shops,
          nicolae_shop_trees, minmay_misc_feat_cross, hangedman_decor_opposing,
          uniq_crazy_yiuf_cottage, uniq_duvessa
D:8:      layout_basic, serial_bayou_pond_a, chei_slow_surprise,
          uniq_prince_ribbit1
D:9:      minmay_the_grid_3x2 [minmay_the_grid_embedded,
          minmay_the_grid_tiny_cups, minmay_the_grid_box_x,
          minmay_the_grid_large_cup, minmay_the_grid_paths,
          minmay_the_grid_prize_trominoes], layout_irregular_city,
          riverfiend_overflow_shadow_ancestor, due_lair_maze_entry_diamond,
          ebering_ghost_inner_flame, minmay_orc_keep
D:10:     layout_basic, orc_0_dummy, serial_shops, shop,
          small_statue_intersection
D:11:     gammafunk_sealed_arena, layout_basic, roderic_serpentine_path,
          minmay_holes, lightli_church_of_beogh
Temple:   regret_index_temple_chain_breaker
Lair:1:   layout_gridlike, chequers_serial_rivers_marsh,
          infiniplex_staircase_pool
Lair:2:   layout_chaotic_city, spider_nest_entry_webs, pond,
          minmay_lair_oklob_chamber, infiniplex_staircase_pool_2
Lair:3:   layout_regular_city, minmay_shoals_entry_centaurs,
          portal_ice_cave_entry_pillars_1, minmay_shattered_shrine,
          lemuel_fruit_fields, lemuel_fruit_fields, uniq_sonja
Lair:4:   layout_cellular_growth, chequers_serial_rivers_micro_e
Lair:5:   layout_gridlike, eino_house_with_fridge, grunt_megastairs_1
Lair:6:   minmay_lair_end_enchanted_forest, layout_regular_city,
          minmay_slime_entry_pillars, basic_altar, serial_bayou_shore_a,
          lemuel_fruit_tree

Notes
Turn   | Place    | Note
-------+----------+-------------------------------------------
     0 | D:1      | sanka the Ghoul Monk began the quest for the Orb.
     0 | D:1      | Reached XP level 1. HP: 19/19 MP: 0/0
   862 | D:2      | Reached XP level 2. HP: 19/27 MP: 1/1
   931 | D:2      | Reached skill level 4 in Fighting
  1052 | D:2      | Noticed Terence
  1061 | D:2      | HP: 2/27 [adder (5)]
  1066 | D:2      | Identified a potion of resistance
  1080 | D:2      | Reached skill level 3 in Axes
  1081 | D:2      | Reached XP level 3. HP: 33/33 MP: 2/2
  1085 | D:2      | Killed Terence
  1121 | D:2      | Found a sacrificial altar of Ru.
  1280 | D:2      | Reached XP level 4. HP: 40/40 MP: 3/3
  1315 | D:2      | Reached skill level 4 in Axes
  2332 | D:3      | Reached XP level 5. HP: 15/46 MP: 4/4
  2777 | D:3      | Found a faded altar of an unknown god.
  2954 | D:3      | Reached skill level 5 in Axes
  4365 | D:4      | Reached XP level 6. HP: 35/52 MP: 5/5
  4451 | D:4      | Noticed Eustachio
  4515 | D:4      | Killed Eustachio
  4516 | D:4      | Reached skill level 6 in Axes
  4756 | D:4      | Reached XP level 7. HP: 53/59 MP: 6/6
  4834 | D:4      | Reached skill level 7 in Axes
  5319 | D:4      | Noticed Pikel
  5335 | D:4      | Killed Pikel
  5336 | D:4      | Reached skill level 9 in Axes
  5336 | D:4      | Reached XP level 8. HP: 40/66 MP: 7/7
  5703 | D:5      | Entered Level 5 of the Dungeon
  5773 | D:5      | HP: 4/66 [centaur/arrow (10)]
  6092 | D:5      | Reached skill level 10 in Axes
  6345 | D:5      | Found a blossoming altar of Fedhas.
  6349 | D:5      | Got an ebony hand axe
  6350 | D:5      | Identified the cursed +3 hand axe of the Smoking Pill Bug
                  | {flame, rPois} (You found it on level 5 of the Dungeon)
  6357 | D:5      | Found a staircase to the Ecumenical Temple.
  6367 | Temple   | Entered the Ecumenical Temple
  6501 | Temple   | Became a worshipper of Makhleb the Destroyer
  6501 | Temple   | Reached * piety under Makhleb
  6501 | Temple   | Reached ** piety under Makhleb
  6845 | D:6      | Reached skill level 1 in Invocations
  6845 | D:6      | Reached XP level 9. HP: 71/71 MP: 9/9
  6902 | D:6      | Reached skill level 2 in Invocations
  7061 | D:6      | Reached skill level 3 in Invocations
  7622 | D:6      | Found Puwek's Weapon Shop.
  7872 | D:7      | Noticed Duvessa
  7873 | D:7      | Noticed Dowan
  7893 | D:7      | Killed Duvessa
  7894 | D:7      | Reached skill level 4 in Invocations
  7913 | D:7      | Killed Dowan
  8210 | D:7      | Got a scorched plate armour
  8221 | D:7      | Identified the +4 plate armour of Xafan {rF- rN+ SInv} (You
                  | found it on level 7 of the Dungeon)
  8321 | D:7      | Reached *** piety under Makhleb
  8486 | D:7      | Reached skill level 5 in Invocations
  8510 | D:7      | Reached skill level 11 in Axes
  8511 | D:7      | Reached skill level 1 in Armour
  8612 | D:7      | Found Usogocro's Antique Weapon Emporium.
  8619 | D:7      | Bought a runed battleaxe for 237 gold pieces
  8816 | D:7      | Reached skill level 2 in Armour
  8816 | D:7      | Reached skill level 3 in Dodging
  8933 | D:7      | Reached XP level 10. HP: 78/78 MP: 12/12
  8963 | D:7      | Noticed a glowing orange brain
  8986 | D:7      | Killed a glowing orange brain
  8987 | D:7      | Reached skill level 3 in Armour
  9020 | D:7      | Identified a scarf of resistance (You found it on level 7
                  | of the Dungeon)
  9195 | D:7      | Found a runed translucent door.
  9196 | D:7      | Noticed Crazy Yiuf
  9299 | D:7      | Killed Crazy Yiuf
  9387 | D:8      | Got a jewelled scale mail
  9398 | D:8      | Identified the +2 scale mail "Dodel" {SInv} (You found it
                  | on level 8 of the Dungeon)
  9433 | D:8      | Reached skill level 4 in Armour
  9795 | D:8      | Found a snail-covered altar of Cheibriados.
  9919 | D:8      | Identified the +2 chain mail "Buanluxzeph" {rPois rN++}
  9930 | D:8      | Reached **** piety under Makhleb
  9931 | D:8      | Reached skill level 12 in Axes
  9992 | D:8      | Noticed Prince Ribbit
 10068 | D:8      | Killed Prince Ribbit
 10529 | D:9      | Noticed a four-headed hydra
 10532 | D:9      | Noticed an unseen horror
 10542 | D:9      | Killed a one-headed hydra
 10543 | D:9      | Reached skill level 6 in Invocations
 10563 | D:9      | Killed an unseen horror
 10564 | D:9      | Reached skill level 7 in Invocations
 10564 | D:9      | Reached XP level 11. HP: 28/84 MP: 15/15
 10988 | D:9      | Reached skill level 13 in Axes
 10989 | D:9      | Reached ***** piety under Makhleb
 11027 | D:9      | Reached skill level 8 in Invocations
 11371 | D:9      | Found a staircase to the Lair.
 11398 | D:9      | Found a runed translucent door.
 11401 | D:9      | Noticed ThreePointFourteen's ghost (novice DsNe)
 11420 | D:9      | Killed ThreePointFourteen's ghost
 11666 | D:9      | Reached skill level 9 in Invocations
 12164 | D:9      | Found a shadowy altar of Dithmenos.
 12171 | D:9      | Found a hazy altar of Hepliaklqana.
 12317 | D:10     | Entered Level 10 of the Dungeon
 12493 | D:10     | Noticed a green ugly thing
 12497 | D:10     | Noticed an unseen horror
 12506 | D:10     | Killed a green ugly thing
 12516 | D:10     | Killed an unseen horror
 12591 | D:10     | Found Jiatit's Gadget Emporium.
 12912 | D:10     | Noticed an unseen horror
 12932 | D:10     | Killed an unseen horror
 13054 | D:10     | Found a staircase to the Orcish Mines.
 13112 | D:10     | Reached skill level 10 in Invocations
 13506 | D:11     | Reached ****** piety under Makhleb
 13522 | D:11     | Noticed a boulder beetle
 13532 | D:11     | Noticed an ettin
 13533 | D:11     | Found a transporter.
 13533 | D:11     | Noticed an ettin
 13533 | D:11     | Noticed an unseen horror
 13537 | D:11     | Noticed a catoblepas
 13558 | D:11     | Noticed an unseen horror
 13587 | D:11     | Killed an unseen horror
 13588 | D:11     | Reached skill level 14 in Axes
 13588 | D:11     | Reached XP level 12. HP: 76/92 MP: 18/18
 13668 | D:11     | Reached skill level 5 in Fighting
 13709 | D:11     | Reached skill level 5 in Armour
 13844 | D:11     | Found a runed translucent door.
 13907 | D:11     | Noticed a two-headed ogre
 13912 | D:11     | Killed a two-headed ogre
 14069 | D:11     | Reached skill level 6 in Fighting
 14098 | D:11     | Found a transporter.
 14372 | D:11     | Found a roughly hewn altar of Beogh.
 14463 | D:11     | Noticed a boulder beetle
 14464 | D:11     | Noticed a spark wasp
 14464 | D:11     | a boulder beetle changed into a spark wasp
 14474 | D:11     | Noticed a ghost moth
 14474 | D:11     | a spark wasp changed into a ghost moth
 14547 | Lair:1   | Entered Level 1 of the Lair of Beasts
 14649 | Lair:1   | Reached skill level 6 in Armour
 14660 | Lair:1   | Reached skill level 7 in Fighting
 15777 | Lair:2   | Reached skill level 8 in Fighting
 15777 | Lair:2   | Reached skill level 7 in Armour
 16658 | Lair:2   | Noticed a six-headed hydra
 16677 | Lair:2   | Killed a one-headed hydra
 16678 | Lair:2   | Reached skill level 9 in Fighting
 16865 | Lair:2   | Reached skill level 8 in Armour
 16865 | Lair:2   | Reached XP level 13. HP: 98/111 MP: 19/19
 16895 | Lair:2   | Found a hole to the Spider Nest.
 17284 | Lair:3   | Reached skill level 10 in Fighting
 17331 | Lair:3   | Reached skill level 9 in Armour
 17444 | Lair:3   | Found a frozen archway.
 17460 | IceCv    | Entered an ice cave
 18157 | IceCv    | Noticed a reaper
 18189 | IceCv    | Killed a reaper
 18190 | IceCv    | Reached skill level 10 in Armour
 18561 | IceCv    | Got an ichor-stained flail
 19433 | Lair:3   | Got a polished lajatang
 19434 | Lair:3   | Identified the cursed +1 lajatang of True Grit {venom,
                  | *Drain rC+++ rN+ MP+9} (You found it on level 3 of the Lair
                  | of Beasts)
 19493 | Lair:3   | Found a staircase to the Shoals.
 19577 | Lair:3   | Noticed Sonja
 19622 | Lair:3   | Killed Sonja
 20401 | Lair:3   | HP: 5/114 [blink frog (13)]
 21913 | Lair:3   | Found a staircase to the Shoals.
 22450 | Lair:4   | Reached XP level 14. HP: 49/122 MP: 20/20
 22975 | Lair:4   | Reached skill level 11 in Fighting
 23997 | Lair:4   | HP: 10/124 [cane toad (4)]
 24000 | Lair:4   | HP: 3/124 [cane toad (3)]
 24003 | Lair:4   | Reached skill level 11 in Armour
 25338 | Lair:5   | Got a distressingly furry scale mail
 25644 | Lair:4   | Identified the +5 scale mail "Raosee" {rElec rPois Int-3
                  | SInv} (You found it on level 5 of the Lair of Beasts)
 26464 | Lair:5   | Reached skill level 12 in Fighting
 26743 | Lair:6   | Entered Level 6 of the Lair of Beasts
 27028 | Lair:6   | HP: 11/126 [boulder beetle (20)]
 27031 | Lair:6   | Slain by a boulder beetle

Vanquished Creatures
  A boulder beetle (Lair:6)
  7 hydras
  2 catoblepae (Lair:5)
  A two-headed ogre (D:11)
  The ghost of ThreePointFourteen the Black Sun, a novice DsNe of Kikubaaqudgha (D:9)
  A death yak (Lair:3)
  Sonja (Lair:3)
  A fire crab (Lair:3)
  4 unseen horrors
  A glowing orange brain (D:7)
  Pikel (D:4)
  An ugly thing (D:10)
  A necromancer (Lair:5)
  8 elephants
  A cyclops (D:11)
  4 black mambas
  2 ice statues (IceCv)
  13 cane toads
  4 rime drakes
  A gargoyle (D:11)
  9 komodo dragons
  10 ice devils (IceCv)
  A troll (D:11)
  A polar bear (Lair:5)
  29 blink frogs
  Prince Ribbit (D:8)
  A slime creature (D:7)
  4 redbacks (Lair:2)
  12 yaks
  4 basilisks
  8 wyverns
  2 wraiths
  Eustachio (D:4)
  4 vampire mosquitoes (Lair:2)
  3 insubstantial wisps (Lair:2)
  Duvessa (D:7)
  An acid dragon (D:11)
  16 water moccasins
  A swamp drake (Lair:2)
  7 black bears
  2 ice beasts (D:9)
  3 orc warriors
  6 phantoms
  2 sky beasts
  A necrophage (D:6)
  10 ogres
  5 centaurs
  5 wolves (Lair:6)
  3 big kobolds
  17 bullfrogs
  Dowan (D:7)
  6 scorpions
  9 killer bees (D:8)
  2 electric eels (Lair:6)
  17 wights
  6 howler monkeys
  A jelly (D:9)
  A quasit (D:10)
  3 bullfrog skeletons
  5 orc priests
  Crazy Yiuf (D:7)
  3 hounds
  4 iguanas
  6 centaur skeletons
  Terence (D:2)
  17 orc wizards
  5 hell rats (Lair:6)
  11 worker ants
  2 polar bear simulacra (Lair:5)
  6 wolf simulacra (Lair:5)
  A hound zombie (D:7)
  A mummy (D:8)
  8 gnolls
  2 worker ant zombies
  2 howler monkey skeletons (D:9)
  14 adders
  9 white imps
  13 ufetubi
  2 oozes
  6 adder skeletons
  2 adder zombies
  3 worms
  9 leopard geckos
  51 orcs
  8 bats
  5 giant cockroaches
  34 goblins
  23 hobgoblins
  3 jackals (D:4)
  5 quokkas
  A ball python (D:2)
  A frilled lizard (D:4)
  13 kobolds
  2 quokka skeletons
  A quokka zombie (D:9)
  6 rats
  3 river rat simulacra (Lair:5)
561 creatures vanquished.

Vanquished Creatures (collateral kills)
  A reaper (IceCv)
  A hydra (Lair:3)
  An oklob plant (Lair:2)
  3 cane toads
  An orc warrior (D:9)
  2 bullfrogs
9 creatures vanquished.

Vanquished Creatures (others)
  A sky beast (D:5)
  2 white imps (IceCv)
  2 ufetubi (IceCv)
  66 fungi
  69 plants
140 creatures vanquished.

Grand Total: 710 creatures vanquished
